 Dungeon Crawl Stone Soup version 0.19-a0-4-ga5c5ac4 (webtiles) character file.

539 namelastname112 the Magician (level 7, 31/55 HPs)
             Began as a Pale Draconian Ice Elementalist on Apr 28, 2016.
             Quit the game on level 4 of the Dungeon.
             The game lasted 00:07:09 (3533 turns).

namelastname112 the Magician (DrIE)                 Turns: 3533, Time: 00:07:10

Health: 31/55      AC:  6    Str: 10    XL:     7   Next: 5%
Magic:  14/14      EV: 17    Int: 15    God:
Gold:   157        SH:  0    Dex: 12    Spells: 2 memorised, 10 levels left

rFire  . . .     SeeInvis .     t - +2 flail (crush)
rCold  . . .     Gourm    .     (armour unavailable)
rNeg   . . .     Faith    .     (no shield)
rPois  .         Spirit   .     (helmet restricted)
rElec  .         Dismiss  .     (no cloak)
rCorr  .         Reflect  .     (no gloves)
SustAt .         Harm     .     (no boots)
MR     .....                    (no amulet)
Stlth  ++........               g - +4 ring of evasion
                                d - -2 ring of intelligence (curse)

@: not resistant to hostile enchantments, unstealthy
A: breathe steam, unfitting armour, cold-blooded, AC +6
a: Breathe Steam


You were on level 4 of the Dungeon.
You were very hungry.

You visited 1 branch of the dungeon, and saw 4 of its levels.
You also visited: Sewer.

You collected 157 gold pieces.

Inventory:

Hand Weapons
 t - a +2 flail of crushing (weapon)
Jewellery
 d - a cursed -2 ring of intelligence (left hand)
 g - a +4 ring of evasion (right hand)
 k - a +3 ring of intelligence
Scrolls
 f - a scroll of remove curse {unknown}
 h - a scroll of identify {unknown}
 j - 2 scrolls of magic mapping {unknown}
 l - 4 scrolls of teleportation {unknown}
 m - 2 scrolls of blinking {unknown}
 r - a scroll of random uselessness {unknown}
 s - a scroll of enchant weapon {unknown}
Potions
 c - a potion of berserk rage
 e - a potion of cure mutation {unknown}
 i - 3 potions of brilliance {unknown}
 n - 2 potions of flight {unknown}
 o - a potion of agility {unknown}
 p - a potion of heal wounds {unknown}
Books
 a - a book of Frost

   Spells                             Type                      Level
   a - Freeze                         Ice                          1
   b - Throw Frost                    Conjuration/Ice              2
   c - Ozocubu's Armour               Charms/Ice                   3
   d - Throw Icicle                   Conjuration/Ice              4
   e - Summon Ice Beast               Ice/Summoning                4
Comestibles
 b - 2 bread rations
 q - a meat ration


   Skills:
 - Level 2.1 Fighting
 - Level 2.8 Dodging
 - Level 1.7 Stealth
 + Level 4.7 Spellcasting
 * Level 4.6 Conjurations
 - Level 3.0 Ice Magic


You had 10 spell levels left.
You knew the following spells:

 Your Spells              Type           Power        Failure   Level  Hunger
a - Throw Icicle          Conj/Ice       ##......     41%         4    ####...
z - Freeze                Ice            ##..         6%          1    None


Dungeon Overview and Level Annotations

Branches:
Dungeon (4/15)
 Temple: D:4-7

Altars:

Annotations:
D:3 namelastname112's ghost, amateur DrIE


Innate Abilities, Weirdness & Mutations

You can breathe blasts of scalding, opaque steam.
Your pale cyan-grey scales are hard (AC +6).
Your body does not fit into most forms of armour.
You are cold-blooded and may be slowed by cold attacks.


Message History

You hit something. Something hits you but does no damage.
You miss something. Something hits you but does no damage.
MP restored: 14 You closely miss something.
Something hits you but does no damage. x2
Press: ? - help, Shift-Dir - straight line You exhale a blast of scalding steam.
You feel somewhat more hungry.
Reactivating autopickup.
You feel a bit more experienced.
f - a scroll labeled ENATTUNUIMP You now have 157 gold pieces (gained 29).
Things that are here:
a dagger; a robe
Things that are here:
a dagger; a robe There isn't anything to butcher here.
You start resting.
You have got your breath back.
A scorpion comes into view.
A scorpion is nearby!
Are you sure you want to abandon this character and quit the game? (Confirm with "yes".)

#.......# #. .. ...
#.)..?..####.. .##..
#............# .#..
#.......###..##.#.# #
#.................#.#
##.....$.......$.#.#.
##..#.................
###..#......!.?.........
....##..#.......@.......
##......##............##
......####...........##
...#### ##.#......<.#
..## ##...?......#
..########.(...#...#.#
..#.........##.#.#.#..#
............##s....# ...
.#...#..##.......### ##


You could see a scorpion (wandering).

Vanquished Creatures
  2 big kobolds (Sewer)
  A howler monkey (D:4)
  A hound (D:4)
  2 orc priests (D:4)
  3 orc wizards
  A worker ant (D:4)
  6 adders
  4 oozes
  3 worms (Sewer)
  2 dart slugs
  A giant gecko (D:1)
  10 orcs
  7 giant cockroaches
  4 goblins
  6 hobgoblins
  2 jackals (D:3)
  A quokka (D:3)
  4 ball pythons
  6 bats
  2 giant newts
  17 kobolds
  9 rats
94 creatures vanquished.

Notes
Turn   | Place    | Note
--------------------------------------------------------------
     0 | D:1      | namelastname112 the Draconian Ice Elementalist began the quest for the Orb.
     0 | D:1      | Reached XP level 1. HP: 14/14 MP: 3/3
   309 | D:1      | Reached XP level 2. HP: 22/22 MP: 1/5
   532 | D:1      | Reached skill level 1 in Fighting
   780 | D:2      | Reached XP level 3. HP: 18/28 MP: 2/6
  1663 | D:3      | Reached XP level 4. HP: 36/36 MP: 6/8
  1879 | D:3      | Learned a level 4 spell: Throw Icicle
  1936 | D:3      | Noticed namelastname112's ghost (amateur DrIE)
  2090 | D:4      | Found a glowing drain.
  2120 | Sewer    | Entered a sewer
  2373 | Sewer    | Reached XP level 5. HP: 41/41 MP: 2/10
  2888 | Sewer    | Reached XP level 6. HP: 25/48 MP: 0/12
  3278 | D:4      | xeno23: A yak comes into view. _Zin warns you: It is a foul shapeshifter.
  3282 | D:4      | xeno23: забавно
  3282 | D:4      | namelastname112: да
  3282 | D:4      | namelastname112: бля
  3282 | D:4      | namelastname112: ты с ним вообще не играл?
  3297 | D:4      | xeno23: нет
  3341 | D:4      | xeno23: так-то неплохой бог
  3355 | D:4      | xeno23: масс конфуз
  3494 | D:4      | Your scales start taking on a pale cyan-grey colour.
  3494 | D:4      | Reached XP level 7. HP: 42/55 MP: 9/14
  3495 | D:4      | xeno23: иммуны к пойсону и прочему говнецу
  3533 | D:4      | namelastname112: бля
  3533 | D:4      | xeno23: ну те 2 абилки тоже норм выглядят
  3533 | D:4      | namelastname112: не мой день чето
  3533 | D:4      | namelastname112: не роллится белый
  3533 | D:4      | namelastname112: эх
  3533 | D:4      | xeno23: ну
  3533 | D:4      | xeno23: бледный
  3533 | D:4      | xeno23: почти белый
  3533 | D:4      | namelastname112: да в пизду
  3533 | D:4      | namelastname112: пойду кж дрочить
  3533 | D:4      | Quit the game

Vault maps used:
D:1:      dpeg_arrival_yet_another_circle, kennysheep_decorative_pillar
D:2:      minmay_door_path, first_bread
D:3:      minmay_misc_feat_more_columns, st_stairs_10
D:4:      gup_sewer_entry_pipe, kennysheep_dice, uniq_pikel
Sewer:    sewer_co_15_rooms

Skill      XL: |  1  2  3  4  5  6 |
---------------+-------------------+-----
Dodging        | 2 |  2.8
Fighting       | 1 2 |  2.1
Spellcasting   | 3 4 |  4.7
Conjurations   | 3 4 |  4.6
Stealth        | |  1.7
Ice Magic      | |  3.0

Action                   |  1- 3 |  4- 6 |  7- 9 || total
-------------------------+-------+-------+-------++-------
Melee: Short sword       |    48 |   110 |       ||   158
       Unarmed           |     2 |       |       ||     2
       Tailslap          |     3 |     8 |       ||    11
       Flail             |       |     1 |     5 ||     6
 Cast: Freeze            |    47 |   123 |     1 ||   171
 Abil: Breathe Steam     |       |       |     1 ||     1
  Use: Potion            |       |     1 |       ||     1
 Stab: Sleeping          |     1 |       |       ||     1
  Eat: Chunk             |     3 |     6 |       ||     9
Armor: Skin              |    15 |    32 |     2 ||    49
Dodge: Dodged            |    68 |   163 |       ||   231
